General information
- name: BNet
- type: Ladder team game (AT/RT)
- host: Battle.net
- saver: brucewillisusa
map: DragonFalls
- players: 8
- length: 28:50
- speed: Fast
- version: 1.24 W3XP
- replay type: Public
» download(208 KB)
Players
team 1 (loser)

»
ally1125 (
blue | 61 APM | 1645 actions | 27:03)
5 Blademaster
1 Wind Walk
3 Critical Strike
1 Mirror Image
3 Tauren Chieftain
2 War Stomp
1 Endurance Aura
» actions
| Assign group hotkey | 18 | |
| Basic commands | 55 | |
| Build / train | 91 | |
| Enter build submenu | 27 | |
| Enter hero's abilities submenu | 8 | |
| Give item / drop item | 6 | |
| Remove unit from queue | 3 | |
| Right click | 639 | |
| Select / deselect | 505 | |
| Select group hotkey | 199 | |
| Use ability | 94 | |
1645 total
» units
| Peon | 15 | |
| Grunt | 7 | |
| Shaman | 10 | |
| Kodo Beast | 3 | |
| Tauren | 8 | |
| Troll Batrider | 2 | |
45 total
» upgrades
| Pillage | 1 | |
| Shaman Training | 2 | |
| Berserker Strength | 1 | |
| Melee Weapons | 3 | |
| Armor | 2 | |
| War Drums Damage Increase | 1 | |
| Pulverize | 1 | |
| Liquid Fire | 1 | |
| Reinforced Defenses | 1 | |
13 total
» buildings
| Altar of Storms | 1 | |
| Orc Burrow | 11 | |
| Barracks | 1 | |
| Voodoo Lounge | 1 | |
| Stronghold | 1 | |
| Great Hall | 1 | |
| Fortress | 1 | |
| Spirit Lodge | 1 | |
| Beastiary | 1 | |
| War Mill | 1 | |
| Tauren Totem | 2 | |
| Watch Tower | 5 | |
27 total
» build order
00:07 Altar of Storms
00:17 Orc Burrow
00:50 Barracks
01:27 Orc Burrow
01:57 Voodoo Lounge
03:36 Stronghold
04:02 Orc Burrow
04:48 Great Hall
06:17 Fortress
06:49 Spirit Lodge
07:30 Beastiary
09:26 War Mill
09:39 Orc Burrow
10:40 Orc Burrow
10:43 Tauren Totem
10:46 Tauren Totem
12:16 Orc Burrow
15:49 Orc Burrow
15:51 Orc Burrow
15:53 Orc Burrow
15:55 Orc Burrow
17:34 Watch Tower
17:42 Watch Tower
17:49 Watch Tower
18:32 Orc Burrow
21:33 Watch Tower
21:34 Watch Tower
» items
| Healing Salve | 8 | |
| Orb of Lightning | 2 | |
| Scroll of Speed | 1 | |
| Scroll of Town Portal | 5 | |
| Potion of Healing | 4 | |
20 total
Grlslikebigdcks (
pink | 65 APM | 1874 actions | 28:48)
6 Archmage
2 Blizzard
2 Summon Water Elemental
1 Brilliance Aura
1 Mass Teleport
» actions
| Assign group hotkey | 35 | |
| Basic commands | 154 | |
| Build / train | 60 | |
| ESC pressed | 1 | |
| Enter build submenu | 21 | |
| Enter hero's abilities submenu | 6 | |
| Give item / drop item | 5 | |
| Right click | 656 | |
| Select / deselect | 326 | |
| Select group hotkey | 555 | |
| Use ability | 55 | |
1874 total
» units
| Peasant | 9 | |
| Footman | 5 | |
| Rifleman | 6 | |
| Gryphon Rider | 8 | |
28 total
» upgrades
| Lumber Harvesting | 2 | |
| Swords | 3 | |
| Long Rifles | 1 | |
| Animal War Training | 1 | |
| Storm Hammers | 1 | |
| Armor | 3 | |
11 total
» buildings
| Altar of Kings | 1 | |
| Farm | 11 | |
| Barracks | 1 | |
| Blacksmith | 1 | |
| Lumber Mill | 3 | |
| Keep | 1 | |
| Arcane Vault | 1 | |
| Castle | 1 | |
| Gryphon Aviary | 2 | |
22 total
» build order
00:21 Altar of Kings
00:39 Farm
00:54 Barracks
01:19 Farm
01:56 Farm
02:01 Blacksmith
02:35 Lumber Mill
02:42 Farm
03:20 Farm
03:55 Keep
04:05 Arcane Vault
04:11 Farm
06:43 Castle
08:01 Farm
08:53 Gryphon Aviary
08:56 Gryphon Aviary
10:42 Farm
13:36 Farm
14:35 Farm
14:39 Farm
18:54 Lumber Mill
19:14 Lumber Mill
» items
| Scroll of Regeneration | 4 | |
| Periapt of Vitality | 1 | |
| Boots of Speed | 1 | |
| Potion of Healing | 3 | |
| Potion of Mana | 1 | |
| Moonstone | 1 | |
| Orb of Venom | 1 | |
12 total

»
Dragon-9 (
red | 61 APM | 1724 actions | 28:14)
4 Keeper of the Grove
2 Entangling Roots
1 Force of Nature
1 Thorns Aura
3 Priestess of the Moon
2 Trueshot Aura
1 Searing Arrows
» actions
| Assign group hotkey | 61 | |
| Basic commands | 20 | |
| Build / train | 120 | |
| Enter build submenu | 29 | |
| Enter hero's abilities submenu | 7 | |
| Give item / drop item | 4 | |
| Remove unit from queue | 6 | |
| Right click | 808 | |
| Select / deselect | 437 | |
| Select group hotkey | 143 | |
| Use ability | 89 | |
1724 total
» units
| Wisp | 22 | |
| Archer | 17 | |
| Hippogryph | 19 | |
| Dryad | 19 | |
| Faerie Dragon | 4 | |
81 total
» upgrades
| Strength of the Moon | 3 | |
| Moon Armor | 3 | |
| Hippogryph Taming | 1 | |
| Nature's Blessing | 1 | |
| Abolish Magic | 1 | |
| Ultravision | 1 | |
| Improved Bows | 1 | |
| Reinforced Hides | 2 | |
13 total
» buildings
| Moon Well | 8 | |
| Altar of Elders | 1 | |
| Ancient of War | 1 | |
| Hunter's Hall | 1 | |
| Ancient Protector | 9 | |
| Tree of Life | 2 | |
| Tree of Ages | 1 | |
| Ancient of Wind | 1 | |
| Ancient of Lore | 1 | |
| Tree of Eternity | 1 | |
| Ancient of Wonders | 2 | |
28 total
» build order
00:06 Moon Well
00:10 Altar of Elders
00:57 Ancient of War
01:58 Moon Well
02:10 Hunter's Hall
02:54 Moon Well
03:23 Ancient Protector
03:26 Ancient Protector
04:15 Moon Well
04:36 Tree of Life
04:58 Moon Well
05:59 Moon Well
06:28 Tree of Ages
07:00 Moon Well
07:59 Ancient Protector
09:15 Ancient of Wind
10:46 Ancient Protector
10:49 Ancient Protector
10:53 Ancient Protector
11:12 Ancient of Lore
11:58 Tree of Eternity
14:03 Ancient Protector
17:45 Ancient of Wonders
17:56 Ancient of Wonders
18:53 Moon Well
19:50 Ancient Protector
19:56 Ancient Protector
22:22 Tree of Life
» items
| Scroll of Town Portal | 3 | |
| Orb of Lightning | 1 | |
| Potion of Healing | 2 | |
| Scroll of Regeneration | 1 | |
7 total
IceWulf (
green | 27 APM | 760 actions | 28:08)
3 Archmage
1 Summon Water Elemental
2 Brilliance Aura
1 Mountain King
1 Storm Bolt
1 Paladin
1 Holy Light
» actions
| Assign group hotkey | 14 | |
| Basic commands | 134 | |
| Build / train | 46 | |
| Enter build submenu | 21 | |
| Enter hero's abilities submenu | 5 | |
| Remove unit from queue | 1 | |
| Right click | 238 | |
| Select / deselect | 255 | |
| Select group hotkey | 11 | |
| Use ability | 35 | |
760 total
» units
| Peasant | 11 | |
| Siege Engine | 10 | |
| Mortar Team | 2 | |
23 total
» upgrades
| Gunpowder | 3 | |
| Armor | 2 | |
| Lumber Harvesting | 2 | |
| Plating | 3 | |
| Barrage | 1 | |
| Masonry | 1 | |
12 total
» buildings
| Altar of Kings | 1 | |
| Farm | 9 | |
| Blacksmith | 1 | |
| Keep | 1 | |
| Castle | 1 | |
| Workshop | 3 | |
| Lumber Mill | 1 | |
| Barracks | 2 | |
19 total
» build order
00:08 Altar of Kings
00:16 Farm
00:59 Farm
01:07 Blacksmith
01:36 Farm
02:13 Farm
02:53 Farm
03:21 Keep
03:43 Farm
05:46 Castle
05:52 Workshop
05:58 Workshop
06:02 Lumber Mill
07:12 Workshop
09:40 Farm
13:51 Farm
17:38 Farm
25:03 Barracks
25:05 Barracks
team 2 (winner)

»
brucewillisusa (
orange | 68 APM | 1961 actions | 28:50)
8 Death Knight
3 Death Coil
3 Unholy Aura
2 Animate Dead
5 Lich
3 Frost Nova
2 Dark Ritual
6 Dark Ranger
3 Silence
2 Life Drain
1 Charm
» actions
| Assign group hotkey | 94 | |
| Basic commands | 86 | |
| Build / train | 80 | |
| Enter build submenu | 26 | |
| Enter hero's abilities submenu | 21 | |
| Right click | 704 | |
| Select / deselect | 243 | |
| Select group hotkey | 575 | |
| Use ability | 132 | |
1961 total
» units
| Acolyte | 13 | |
| Ghoul | 5 | |
| Goblin Shredder | 1 | |
| Frost Wyrm | 6 | |
| Crypt Fiend | 7 | |
32 total
» upgrades
| Creature Attack | 3 | |
| Creature Carapace | 2 | |
| Freezing Breath | 1 | |
| Web | 1 | |
7 total
» buildings
| Crypt | 4 | |
| Ziggurat | 12 | |
| Altar of Darkness | 1 | |
| Halls of the Dead | 4 | |
| Graveyard | 2 | |
| Nerubian Tower | 1 | |
| Black Citadel | 2 | |
| Sacrificial Pit | 1 | |
| Necropolis | 3 | |
| Boneyard | 6 | |
| Tomb of Relics | 1 | |
37 total
» build order
00:12 Crypt
00:15 Ziggurat
00:35 Altar of Darkness
01:01 Ziggurat
01:47 Halls of the Dead
01:47 Halls of the Dead
01:47 Halls of the Dead
01:53 Graveyard
02:10 Nerubian Tower
04:08 Black Citadel
04:08 Black Citadel
04:38 Sacrificial Pit
04:39 Ziggurat
04:40 Ziggurat
04:41 Ziggurat
05:31 Necropolis
06:31 Boneyard
06:33 Boneyard
06:35 Boneyard
06:36 Boneyard
06:38 Ziggurat
06:41 Ziggurat
07:20 Tomb of Relics
14:49 Crypt
16:31 Necropolis
16:33 Boneyard
16:34 Boneyard
17:13 Ziggurat
17:14 Ziggurat
17:14 Ziggurat
17:41 Graveyard
17:44 Crypt
17:45 Crypt
17:47 Ziggurat
23:32 Necropolis
» items
| Orb of Corruption | 1 | |
| Scroll of Town Portal | 6 | |
| Scroll of Regeneration | 3 | |
| Staff of Sanctuary | 1 | |
| Potion of Healing | 1 | |
12 total
G-UNlT-WHAT (
purple | 36 APM | 1025 actions | 28:49)
5 Priestess of the Moon
2 Searing Arrows
3 Trueshot Aura
4 Keeper of the Grove
2 Entangling Roots
2 Thorns Aura
» actions
| Assign group hotkey | 89 | |
| Basic commands | 109 | |
| Build / train | 50 | |
| Enter build submenu | 37 | |
| Enter hero's abilities submenu | 9 | |
| Right click | 323 | |
| Select / deselect | 260 | |
| Select group hotkey | 92 | |
| Use ability | 56 | |
1025 total
» units
» buildings
| Altar of Elders | 1 | |
| Moon Well | 8 | |
| Hunter's Hall | 1 | |
| Ancient Protector | 10 | |
| Tree of Ages | 2 | |
| Tree of Eternity | 1 | |
| Tree of Life | 7 | |
| Ancient of Wonders | 1 | |
| Ancient of Wind | 3 | |
34 total
» build order
00:10 Altar of Elders
00:21 Moon Well
02:04 Hunter's Hall
02:18 Moon Well
03:13 Ancient Protector
03:17 Ancient Protector
03:22 Ancient Protector
03:54 Ancient Protector
06:33 Ancient Protector
06:40 Ancient Protector
07:23 Tree of Ages
10:19 Tree of Eternity
11:03 Moon Well
11:06 Moon Well
12:17 Tree of Life
15:48 Ancient Protector
15:51 Ancient Protector
16:07 Ancient of Wonders
16:39 Tree of Ages
19:02 Ancient of Wind
19:05 Ancient of Wind
19:16 Moon Well
21:43 Ancient Protector
21:50 Ancient Protector
24:15 Tree of Life
25:05 Ancient of Wind
25:42 Tree of Life
25:46 Tree of Life
26:00 Tree of Life
26:12 Tree of Life
27:31 Tree of Life
28:38 Moon Well
28:40 Moon Well
28:42 Moon Well
sr-marine84 (
teal | 81 APM | 2327 actions | 28:49)
6 Mountain King
3 Storm Bolt
2 Thunder Clap
1 Avatar
5 Archmage
3 Summon Water Elemental
2 Brilliance Aura
» actions
| Assign group hotkey | 50 | |
| Basic commands | 28 | |
| Build / train | 94 | |
| Enter build submenu | 31 | |
| Enter hero's abilities submenu | 11 | |
| Right click | 810 | |
| Select / deselect | 304 | |
| Select group hotkey | 874 | |
| Use ability | 125 | |
2327 total
» units
| Peasant | 24 | |
| Footman | 4 | |
| Goblin Shredder | 1 | |
| Spell Breaker | 5 | |
| Knight | 12 | |
| Priest | 1 | |
47 total
» upgrades
| Masonry | 3 | |
| Swords | 3 | |
| Plating | 3 | |
| Lumber Harvesting | 1 | |
| Magic Sentry | 1 | |
| Animal War Training | 1 | |
| Priest Training | 1 | |
13 total
» buildings
| Farm | 13 | |
| Altar of Kings | 1 | |
| Barracks | 2 | |
| Lumber Mill | 1 | |
| Scout Tower | 5 | |
| Arcane Tower | 5 | |
| Guard Tower | 2 | |
| Town Hall | 2 | |
| Keep | 3 | |
| Blacksmith | 1 | |
| Arcane Vault | 1 | |
| Castle | 1 | |
| Arcane Sanctum | 2 | |
39 total
» build order
00:22 Farm
00:42 Altar of Kings
00:51 Barracks
01:00 Farm
01:35 Lumber Mill
01:45 Farm
02:04 Scout Tower
02:22 Farm
02:37 Arcane Tower
03:05 Scout Tower
03:08 Scout Tower
03:38 Guard Tower
03:43 Scout Tower
04:06 Guard Tower
04:11 Arcane Tower
04:11 Arcane Tower
04:49 Town Hall
04:53 Scout Tower
05:26 Keep
05:27 Keep
05:31 Arcane Tower
05:31 Arcane Tower
06:07 Blacksmith
06:11 Arcane Vault
07:51 Castle
08:23 Arcane Sanctum
08:54 Barracks
09:15 Arcane Sanctum
09:44 Farm
09:56 Farm
10:29 Farm
10:54 Farm
11:27 Farm
12:40 Farm
12:41 Farm
14:43 Farm
14:46 Farm
20:18 Town Hall
» items
| Potion of Healing | 2 | |
| Rod of Necromancy | 1 | |
| Orb of Corruption | 2 | |
| Scroll of Town Portal | 2 | |
| Scroll of Regeneration | 2 | |
9 total
Chi_TownFinest1 (
yellow | 40 APM | 1154 actions | 28:49)
4 Mountain King
2 Storm Bolt
2 Bash
2 Archmage
1 Blizzard
1 Brilliance Aura
2 Blood Mage
1 Flame Strike
1 Banish
» actions
| Assign group hotkey | 48 | |
| Basic commands | 26 | |
| Build / train | 59 | |
| ESC pressed | 4 | |
| Enter build submenu | 29 | |
| Enter hero's abilities submenu | 8 | |
| Remove unit from queue | 1 | |
| Right click | 400 | |
| Select / deselect | 248 | |
| Select group hotkey | 208 | |
| Use ability | 121 | |
1154 total
» units
| Peasant | 18 | |
| Footman | 9 | |
| Sorceress | 6 | |
| Priest | 5 | |
38 total
» upgrades
| Sorceress Training | 2 | |
| Priest Training | 2 | |
| Lumber Harvesting | 1 | |
5 total
» buildings
| Altar of Kings | 2 | |
| Farm | 34 | |
| Barracks | 1 | |
| Keep | 3 | |
| Town Hall | 3 | |
| Lumber Mill | 1 | |
| Castle | 1 | |
| Arcane Sanctum | 5 | |
50 total
» build order
00:36 Altar of Kings
00:41 Farm
00:51 Barracks
01:15 Farm
02:22 Farm
03:32 Keep
03:49 Farm
04:48 Town Hall
05:08 Farm
05:11 Farm
05:16 Lumber Mill
06:38 Castle
09:12 Arcane Sanctum
09:13 Arcane Sanctum
09:22 Arcane Sanctum
09:31 Arcane Sanctum
09:51 Arcane Sanctum
12:06 Farm
12:07 Farm
12:08 Farm
12:09 Farm
12:09 Farm
12:10 Farm
12:12 Farm
12:12 Farm
13:09 Farm
13:10 Farm
13:12 Farm
13:13 Farm
13:14 Farm
13:17 Farm
13:19 Farm
13:20 Farm
13:21 Farm
21:26 Town Hall
22:47 Altar of Kings
23:55 Town Hall
25:04 Farm
25:05 Farm
25:07 Farm
25:09 Farm
25:10 Farm
25:11 Farm
25:12 Farm
25:14 Farm
25:18 Farm
25:21 Farm
25:23 Farm
25:56 Keep
26:02 Keep
Chat log
(00:10 / Allies) brucewillisusa: whats up shirt eater
(00:16 / Allies) G-UNlT-WHAT: chilling
(00:19 / All) Dragon-9: go Bears! yellow
(00:24 / All) Chi_TownFinest1: yes sir
(00:29 / All) Chi_TownFinest1: good man over there
(01:02 / Allies) brucewillisusa: ???
(01:04 / Allies) brucewillisusa: what should i make?
(01:08 / Allies) sr-marine84: melee breaker expo bottom right
(01:09 / Allies) G-UNlT-WHAT: frosties
(01:11 / Allies) brucewillisusa: k
(01:14 / Allies) brucewillisusa: im str8 teching tho
(01:15 / Allies) sr-marine84: fiends stats frost
(01:16 / Allies) brucewillisusa: nos piders
(01:30 / Allies) sr-marine84: we need spiders
(01:33 / Allies) G-UNlT-WHAT: just tower up
(01:33 / Allies) G-UNlT-WHAT: all
(02:38 / Allies) brucewillisusa: omg
(02:44 / Allies) brucewillisusa: all troops respond!
(03:17 / Allies) brucewillisusa: miltia creep it
(03:19 / Allies) Chi_TownFinest1: all troops respond hahahahah
(03:44 / Allies) brucewillisusa: now
(03:45 / Allies) brucewillisusa: miltiat
(04:24 / Allies) sr-marine84: i need this expo
(04:38 / Allies) G-UNlT-WHAT: give it 2 teal
(04:39 / Allies) G-UNlT-WHAT: cleerr
(04:58 / Allies) sr-marine84: ill help
(05:02 / Allies) brucewillisusa: damn wood is expensive
(06:20 / Allies) brucewillisusa: ur hero neads healing
(06:25 / Allies) brucewillisusa: tp to the elf and heal up at the water pools
(06:30 / Allies) Chi_TownFinest1: replenishment potion
(07:54 / Allies) brucewillisusa: about to gov 50
(07:57 / Allies) brucewillisusa: last chance to gold me up
(08:05 / Allies) brucewillisusa: 51 now
(08:08 / Allies) G-UNlT-WHAT: yo
(08:11 / Allies) G-UNlT-WHAT: there is cops
(08:14 / Allies) G-UNlT-WHAT: all over my street
(08:15 / Allies) G-UNlT-WHAT: with
(08:17 / Allies) G-UNlT-WHAT: dogs
(08:22 / Allies) G-UNlT-WHAT: give me a sec
(09:13 / Allies) brucewillisusa: iom under 50
(09:13 / Allies) brucewillisusa: again
(09:15 / Allies) brucewillisusa: gold me fast
(09:27 / Allies) brucewillisusa: k over
(09:41 / Allies) Chi_TownFinest1: there now stfu
(10:22 / Allies) Chi_TownFinest1: why attack alone
(10:35 / Allies) G-UNlT-WHAT: im going 2 jail
(10:40 / Allies) brucewillisusa: damn
(10:41 / Allies) G-UNlT-WHAT: i broke in 2 houses today
(10:43 / Allies) brucewillisusa: that sucks
(10:48 / Allies) G-UNlT-WHAT: there after me lets finish this
(10:49 / Allies) G-UNlT-WHAT: first
(10:55 / Allies) Chi_TownFinest1: purple make something
(10:58 / Allies) G-UNlT-WHAT: no joke b
(11:35 / Allies) G-UNlT-WHAT: helo
(12:02 / Allies) brucewillisusa: so far so good
(13:17 / Allies) brucewillisusa: so far so good
(14:08 / Allies) G-UNlT-WHAT: dowg
(14:12 / Allies) G-UNlT-WHAT: im seetched out
(14:24 / Allies) G-UNlT-WHAT: there is 7 cops car in front of my house
(14:25 / Allies) G-UNlT-WHAT: b
(14:36 / Allies) G-UNlT-WHAT: with dogs looking n shit thru out the neighbour hood
(14:41 / Allies) G-UNlT-WHAT: across a niggah yard
(16:15 / Allies) brucewillisusa: walk dont tp
(16:17 / Allies) brucewillisusa: so i lose my town
(17:45 / Allies) G-UNlT-WHAT: sum one get sum aa
(17:48 / Allies) G-UNlT-WHAT: ima purp
(17:50 / Allies) G-UNlT-WHAT: after tech
(17:56 / Allies) G-UNlT-WHAT: hit
(18:00 / Allies) brucewillisusa: they afk
(18:01 / Allies) G-UNlT-WHAT: get
(18:03 / Allies) G-UNlT-WHAT: toweers
(18:04 / Allies) G-UNlT-WHAT: go
(18:10 / Allies) G-UNlT-WHAT: kill
(18:12 / Allies) G-UNlT-WHAT: units
(18:23 / Allies) G-UNlT-WHAT: meet
(18:32 / Allies) G-UNlT-WHAT: back up
(18:34 / Allies) brucewillisusa: they afk
(18:34 / Allies) G-UNlT-WHAT: we got no aa
(18:35 / Allies) brucewillisusa: cant hear u
(19:03 / Allies) Chi_TownFinest1: attack???
(19:09 / Allies) brucewillisusa: ya
(19:28 / Allies) brucewillisusa: go ball wipers
(19:29 / Allies) brucewillisusa: go attack
(19:31 / Allies) brucewillisusa: the ednemty
(19:36 / Allies) brucewillisusa: theres no expo there
(19:38 / Allies) brucewillisusa: durrrrr
(19:53 / Allies) brucewillisusa: see no expo
(19:56 / Allies) brucewillisusa: at lesat we got the exercise
(20:02 / Allies) G-UNlT-WHAT: then hit a safe
(20:03 / Allies) G-UNlT-WHAT: base
(24:00 / Allies) G-UNlT-WHAT: lumber
(24:01 / Allies) G-UNlT-WHAT: any one?
(24:08 / Allies) G-UNlT-WHAT: quickly
(24:08 / Allies) G-UNlT-WHAT: ty
(24:51 / All) brucewillisusa: shit on, son
(24:55 / All) brucewillisusa: get on my level, kid
(27:07 / All) brucewillisusa: son kid
(27:22 / All) sr-marine84: gg kinda
(27:23 / All) brucewillisusa: uyou are my child
(27:24 / All) brucewillisusa: son
(27:52 / All) IceWulf: at least admit my tanks got your headaches
(27:57 / All) brucewillisusa: LOL
(27:58 / All) brucewillisusa: KID
(28:03 / All) brucewillisusa: U A COMEDIEN?
(28:23 / Allies) G-UNlT-WHAT: 300 g anyone?
(28:33 / Allies) G-UNlT-WHAT: ty